 Dungeon Crawl Stone Soup version 0.29.1-13-g9f3cf754e1 (webtiles) character file.

Game seed: 14657679902701818881

105 shadowmeld the Insei (level 5, 0/37 HPs)
             Began as a Djinni Transmuter on Jan 29, 2023.
             Slain by an adder (1 damage)
             ... on level 3 of the Dungeon.
             The game lasted 00:11:09 (2487 turns).

shadowmeld the Insei (Djinni Transmuter)            Turns: 2487, Time: 00:11:10

Health: 0/37       AC: 11    Str:  9    XL:     5   Next: 8%
Gold:   42         EV:  9    Int: 16    God:
                   SH:  0    Dex: 14

rFire   + + .      SeeInvis .     - Unarmed
rCold   x . .      Faith    .   (no shield)
rNeg    . . .      Spirit   .   e - +0 scale mail
rPois   ∞          Reflect  .   (no helmet)
rElec   .          Harm     .   o - +0 cloak
rCorr   .          Rampage  .   (no gloves)
Will    .....                   (boots unavailable)
Stlth   ..........              (no amulet)
HPRegen 0.12/turn               h - +4 ring of protection
MPRegen 0.00/turn               (no ring)

@: flying
A: sickness immunity, fire resistance 2, cold vulnerability 1, float, innate
caster, HP casting, extra vitality 1
a: no special abilities


You were on level 3 of the Dungeon.
You visited 1 branch of the dungeon, and saw 3 of its levels.

You collected 42 gold pieces.

Inventory:

Missiles
 g - a throwing net
 l - 4 atropa-tipped darts
Armour
 e - a +0 scale mail (worn)
 o - a +0 cloak (worn)
Jewellery
 h - a +4 ring of protection (left hand)
Scrolls
 c - a scroll of blinking
 d - a scroll of enchant armour {unknown}
 f - 2 scrolls of torment {unknown}
 i - a scroll of noise {unknown}
 j - a scroll of teleportation
 k - a scroll of silence {unknown}
 m - a scroll of fear {unknown}
Potions
 a - a potion of cancellation {unknown}
 n - a potion of might {unknown}


   Skills:
 + Level 1.2 Fighting
 + Level 1.4 Armour
 + Level 2.9 Dodging
 + Level 3.5 Unarmed Combat
 * Level 2.7 Spellcasting


You couldn't memorise any spells.
You knew the following spells:

 Your Spells              Type           Power      Damage    Failure   Level
a - Beastly Appendage     Tmut           20%        N/A       45%         1
b - Wereblood             Tmut           10%        N/A       61%         2
c - Spider Form           Tmut/Pois      10%        N/A       83%         3
d - Ice Form              Ice/Tmut       10%        N/A       99%         4
e - Shock                 Conj/Air       40%        1d5       45%         1
f - Poisonous Vapours     Pois/Air       20%        N/A       61%         2
Your spell library was empty.

Dungeon Overview and Level Annotations

Branches:
Dungeon (3/15)

Altars:


Innate Abilities, Weirdness & Mutations

You are immune to sickness and miasma.
You are immune to poison.
Your flesh is very heat resistant. (rF++)
You are vulnerable to cold. (rC-)
You float through the air rather than walking.
You learn spells naturally, not from books.
Your magical power is your life essence.
You have superior vitality. (+4 MHP)


Message History

Blink to where?
Press: ? - help, Dir - move target, f - you, p - gnoll sergeant
Okay, then.
The gnoll sergeant attacks as you move away!
The gnoll sergeant closely misses you. The gnoll sergeant barely misses you.
An adder comes into view.
The adder hisses angrily.
A jackal comes into view.
Found a stone staircase leading down.
The jackal barks!
A jackal comes into view. x2
The jackal barks! x2
The jackal bites you but does no damage.
There is a stone staircase leading down here.
The jackal completely misses you. The adder barely misses you.
You fly downwards.
There is a stone staircase leading up here.
You hit the jackal. You punch the jackal.
The jackal is severely wounded.
The jackal bites you but does no damage.
The adder bites you but does no damage.
You barely miss the jackal.
The jackal is severely wounded.
The jackal completely misses you. The adder bites you but does no damage.
The jackal bites you.
* * * LOW HITPOINT WARNING * * *
You hit the jackal but do no damage.
The jackal is severely wounded.
The adder bites you but does no damage. The jackal barely misses you.
The adder bites you but does no damage.
You hit the jackal.
You kill the jackal!
The adder closely misses you.
You miss the adder. The adder barely misses you.
You closely miss the adder. The adder bites you but does no damage.
You closely miss the adder. The adder barely misses you.
The adder bites you but does no damage.
You closely miss the adder. The adder bites you but does no damage.
You closely miss the adder. The adder bites you.
You die...

## .. .# #
.#
#.##S######
#.†@.......
####.######
.# .. ###


You could see an adder.

Vanquished Creatures
  5 gnolls (D:2)
  An adder (D:2)
  2 dart slugs (D:1)
  5 ball pythons (D:1)
  2 bats (D:1)
  6 endoplasms (D:1)
  A giant cockroach (D:1)
  8 goblins
  2 hobgoblins
  A jackal (D:3)
  3 kobolds
  A quokka (D:2)
  4 frilled lizards (D:1)
  2 rats (D:1)
43 creatures vanquished.

Notes
Turn   | Place    | Note
-------+----------+-------------------------------------------
     0 | D:1      | shadowmeld the Djinni Transmuter began the quest for the
                  | Orb.
     0 | D:1      | shadowmeld set off with the following spells memorised:
                  | Beastly Appendage, Wereblood, Spider Form, Ice Form.
     0 | D:1      | Reached XP level 1. HP: 17/17 MP: 0/0
   254 | D:1      | Reached XP level 2. HP: 18/22 MP: 0/0
  1050 | D:1      | Reached XP level 3. HP: 26/27 MP: 0/0
  1050 | D:1      | Learned a level 1 spell: Shock
  1438 | D:1      | Reached skill level 1 in Armour
  1448 | D:1      | Found a faded altar of an unknown god.
  2110 | D:2      | Reached XP level 4. HP: 24/32 MP: 0/0
  2302 | D:2      | Noticed a gnoll sergeant
  2310 | D:2      | Reached XP level 5. HP: 27/37 MP: 0/0
  2310 | D:2      | Learned a level 2 spell: Poisonous Vapours
  2470 | D:2      | HP: 1/37 [gnoll sergeant/+2 spear of venom (6)]
  2480 | D:3      | HP: 1/37 [jackal (2)]
  2487 | D:3      | Slain by an adder

Illustrated notes

Levels and vault maps discovered:
D:1:      dpeg_arrival_three_bigger_balls, layout_basic,
          hellmonk_ecumenical_altar_inner_sanctum, st_stairs_4
D:2:      layout_loops_ring, serial_shops, shop, pf_guarded_unrand_woodcutter
D:3:      layout_loops_ring, nicolae_overflow_hidden_temple, serial_shops, shop,
          nicolae_shop_statue_plus, nicolae_square_shop, shop,
          chequers_decorated_corner, uniq_crazy_yiuf_cottage

Skill      XL: |  1  2  3 |
---------------+----------+-----
Spellcasting   | 2 |  2.7
Armour         | 1 |  1.4
Fighting       | |  1.2
Dodging        | |  2.9
Unarmed Combat | |  3.5

Action                   |  1- 3 |  4- 6 || total
-------------------------+-------+-------++-------
Melee: Unarmed           |   129 |    29 ||   158
       Headbutt          |     9 |       ||     9
       Punch             |     2 |     1 ||     3
 Cast: Beastly Appendage |    19 |     2 ||    21
       Shock             |       |     9 ||     9
  Use: Scroll            |     2 |     1 ||     3
       Potion            |       |     1 ||     1
Armor: Scale mail        |    64 |    17 ||    81
       Skin              |       |     7 ||     7
Dodge: Dodged            |    53 |    12 ||    65
